 Dungeon Crawl Stone Soup version 0.17-a0-2014-g32cd421 (webtiles) character file.

1836 admarant the Ducker (level 8, 0/79 HPs)
             Began as a Troll Berserker on Oct 9, 2015.
             Was an Elder of Trog.
             Slain by an orc wizard
             ... wielding a +2 dagger of flaming
              (3 damage)
             ... on level 7 of the Dungeon.
             The game lasted 00:24:15 (5457 turns).

admarant the Ducker (Troll Berserker)               Turns: 5457, Time: 00:24:15

Health: 0/79       AC:  6    Str: 32    XL:     8   Next: 87%
Magic:  7/7        EV: 12    Int:  3    God:    Trog [****..]
Gold:   497        SH:  0    Dex:  9    Spells: 0 memorised, 7 levels left

rFire  . . .     SeeInvis .     r - +0 giant club
rCold  + . .     Clarity  .     b - +1 animal skin
rNeg   . . .     SustAt   .     (no shield)
rPois  .         Gourm    +     v - +0 hat
rElec  .         Spirit   .     (no cloak)
rCorr  .         Warding  .     (gloves unavailable)
rMut   .         Stasis   .     (boots unavailable)
MR     .....                    (no amulet)
Stlth  +.........               (no ring)
                                t - ring "Jabib" {rC+ Str+4}

@: lethally poisoned (0 -> 0), not resistant to hostile enchantments, very
unstealthy
A: unfitting armour, claws 3, fast metabolism 3, gourmand, regeneration 2,
shaggy fur 1, tough skin 2
a: Burn Spellbooks, Berserk, Trog's Hand, Brothers in Arms, Renounce Religion


You were on level 7 of the Dungeon.
You worshipped Trog.
Trog was greatly pleased with you.
You were very full.

You visited 1 branch of the dungeon, and saw 7 of its levels.
You also visited: Sewer.

You collected 497 gold pieces.

Inventory:

Hand Weapons
 a - a +1 mace
 r - a +0 giant club (weapon)
Armour
 b - a +1 animal skin (worn)
 v - a +0 hat (worn)
Jewellery
 s - an uncursed ring of ice
 t - the ring "Jabib" (left claw) {rC+ Str+4}
   (You found it on level 5 of the Dungeon)

   [ring of protection from cold]

   It affects your strength (+4).
   It protects you from cold.
 y - a +2 ring of protection {unknown}
Wands
 m - a wand of slowing (8)
 u - a wand of lightning (10)
Scrolls
 d - 8 scrolls of remove curse
 e - 2 scrolls of teleportation
 f - a scroll of enchant armour
 h - 3 scrolls of identify
 k - a scroll of fear
 p - a scroll of enchant weapon
 q - a scroll of acquirement {unknown}
 z - a scroll of blinking {unknown}
 C - a scroll of fog {unknown}
Potions
 g - a potion of curing
 i - 2 potions of agility
 l - 3 potions of flight
 n - 2 potions of might
 w - a potion of brilliance {unknown}
 B - a potion of heal wounds {unknown}
 D - a potion of lignification {unknown}
Miscellaneous
 x - a plain deck of summoning {drawn: 1}
Comestibles
 c - 5 bread rations
 j - 9 beef jerkies
 o - 2 slices of pizza
 A - a meat ration
 E - 4 chunks of flesh


   Skills:
 + Level 4.9 Fighting
 + Level 5.9 Maces & Flails
 + Level 7.3 Dodging
 + Level 1.2 Stealth
 + Level 0.1 Evocations


You had 7 spell levels left.
You didn't know any spells.

Dungeon Overview and Level Annotations

Branches:
Dungeon (7/15)             Temple (0/1) D:7

Altars:
Ashenzari
Cheibriados
Elyvilon
Gozag
Makhleb
Nemelex Xobeh
Ru
Trog
Xom
Zin

Shops:
D:4 [


Innate Abilities, Weirdness & Mutations

You are too large for most types of armour.
You have claws for hands.
Your metabolism is lightning-fast.
You like to eat raw meat.
You heal very quickly.
You are covered in fur (AC +1).
You have very tough skin (AC +2).


Message History

You completely miss the orc wizard.
You feel sick.
The orc wizard hits you with a dagger of flaming.
* * * LOW HITPOINT WARNING * * *
The orc wizard burns you.
* * * LOW HITPOINT WARNING * * *
The orc barely misses you.
The scorpion stings you but does no damage.
The orc wizard hits you with a dagger of flaming!
* * * LOW HITPOINT WARNING * * *
The orc wizard burns you.
* * * LOW HITPOINT WARNING * * *
You miss the orc wizard.
You feel sick. The orc hits you but does no damage.
The orc wizard hits you with a dagger of flaming.
* * * LOW HITPOINT WARNING * * *
The orc wizard burns you.
* * * LOW HITPOINT WARNING * * *
The scorpion stings you but does no damage.
The orc warrior barely misses you.
The orc wizard hits you with a dagger of flaming.
You die...

###### .....# ## .....#
.###### .....# .......
###### ..).. ..... #'#'#
#o#.# ################@#.#
................so.# #
##.............#o#########.#
.#.###########.#oo..o.......
.#.# #....# #.#...o........
.#.# #....# #.#............
.#.# #....# #.#............
##.###....####.#............
..........'..#.#............


You could see an orc warrior, a scorpion, an orc priest, an orc wizard and 2
orcs.

Vanquished Creatures
  A hippogriff (D:7)
  4 ogres
  A centaur (D:7)
  2 giant frogs (D:7)
  2 scorpions
  2 crimson imps (D:7)
  2 giant frog zombies
  A quasit (D:7)
  An orc priest (D:6)
  2 hounds
  2 jellies
  Terence (D:3)
  5 worker ants
  3 iguanas
  3 orc wizards (D:6)
  2 hound skeletons
  Robin (D:2)
  A gnoll (D:1)
  7 adders
  2 shadow imps
  3 oozes (Sewer)
  2 adder skeletons
  An adder zombie (D:5)
  A worm (Sewer)
  3 giant geckos
  13 orcs
  12 bats
  8 giant cockroaches
  9 hobgoblins
  6 jackals
  8 kobolds
  6 quokkas
  6 ball pythons
  A giant gecko skeleton (D:5)
  4 giant newts
  15 goblins
  A jackal skeleton (D:4)
  A quokka zombie (D:7)
  5 rats
150 creatures vanquished.

Vanquished Creatures (collateral kills)
  Menkaure (D:6)
  An orc warrior (D:6)
  An orc wizard (D:6)
  An iguana (D:6)
  An orc priest (D:6)
5 creatures vanquished.

Grand Total: 155 creatures vanquished

Notes
Turn   | Place    | Note
--------------------------------------------------------------
     0 | D:1      | admarant the Troll Berserker began the quest for the Orb.
     0 | D:1      | Reached XP level 1. HP: 22/22 MP: 0/0
    79 | D:1      | Reached skill level 3 in Maces & Flails
    79 | D:1      | Reached XP level 2. HP: 10/29 MP: 1/1
   226 | D:1      | Reached XP level 3. HP: 34/36 MP: 2/2
   258 | D:1      | Acquired Trog's second power
   750 | D:2      | Noticed Robin
   786 | D:2      | Killed Robin
   897 | D:2      | Reached XP level 4. HP: 44/44 MP: 3/3
   962 | D:2      | Found a bloodstained altar of Trog.
  1084 | D:2      | Found a snail-covered altar of Cheibriados.
  1381 | D:2      | Found a shattered altar of Ashenzari.
  1569 | D:3      | Noticed Terence
  1574 | D:3      | Killed Terence
  1661 | D:3      | Found a white marble altar of Elyvilon.
  1804 | D:3      | Reached XP level 5. HP: 21/53 MP: 4/4
  2118 | D:4      | Found Hygap's Armour Shoppe.
  2191 | D:4      | Reached skill level 4 in Dodging
  2350 | D:4      | Found a glowing drain.
  2357 | Sewer    | Entered a sewer
  3008 | D:4      | Noticed an ogre
  3019 | D:4      | Killed an ogre
  3019 | D:4      | Reached XP level 6. HP: 55/61 MP: 5/5
  3103 | D:4      | Found a burning altar of Makhleb.
  3377 | D:4      | Noticed an ogre
  3388 | D:4      | Killed an ogre
  3388 | D:4      | Reached skill level 5 in Dodging
  3388 | D:4      | Reached XP level 7. HP: 61/68 MP: 6/6
  3436 | D:4      | Acquired Trog's third power
  3658 | D:5      | Entered Level 5 of the Dungeon
  3774 | D:5      | Got a transparent amber ring
  3775 | D:5      | Identified the ring "Jabib" {rC+ Str+4} (You found it on level 5 of the Dungeon)
  3904 | D:5      | Found a sparkling altar of Nemelex Xobeh.
  4030 | D:5      | Found a shimmering altar of Xom.
  4033 | D:5      | Noticed an angel
  4035 | D:5      | Found a glowing silver altar of Zin.
  4183 | D:6      | Found a sacrificial altar of Ru.
  4404 | D:6      | Noticed Menkaure
  4411 | D:6      | Killed Menkaure
  4411 | D:6      | Reached skill level 5 in Maces & Flails
  4411 | D:6      | Reached skill level 6 in Dodging
  4419 | D:6      | Reached XP level 8. HP: 66/78 MP: 7/7
  4437 | D:6      | Found an opulent altar of Gozag.
  4437 | D:6      | Reached skill level 1 in Stealth
  5104 | D:7      | Found a staircase to the Ecumenical Temple.
  5250 | D:7      | Reached skill level 7 in Dodging
  5457 | D:7      | HP: 3/79 [orc wizard/dagger of flaming (2)]
  5457 | D:7      | Slain by an orc wizard

Vault maps used:
D:1:      dpeg_arrival_ternary, minivault_14
D:2:      nicolae_overflow_hidden_temple, lemuel_crystal_altar,
          nicolae_overflow_crystal_walls, uniq_robin
D:3:      old_standard_altar, minivault_5, uniq_terence
D:4:      makhleb_blood_cavern_becter, serial_shops, shop, first_bread,
          lightli_sewer_entry_pipes
D:5:      grunt_temple_overflow_order_and_chaos_1, nemelex_deck
D:6:      lemuel_round_altar, nicolae_ru_great_annihilating_truth, uniq_menkaure
D:7:      temple_doors_e, grunt_ogre_cave
Sewer:    sewer_fruit_machine

Action                   |  1- 3 |  4- 6 |  7- 9 || total
-------------------------+-------+-------+-------++-------
Melee: Mace              |   111 |   239 |   216 ||   566
       Giant club        |       |       |    32 ||    32
Invok: Brothers in Arms  |       |       |     1 ||     1
       Berserk           |       |       |     1 ||     1
Evoke: Deck              |       |       |     1 ||     1
  Use: Scroll            |       |    11 |       ||    11
       Potion            |       |     8 |       ||     8
 Stab: Sleeping          |       |     1 |     1 ||     2
       Paralysed         |       |       |     1 ||     1
  Eat: Chunk             |    12 |    11 |    25 ||    48
       Bread ration      |       |     2 |       ||     2
       Royal jelly       |       |       |     1 ||     1
